 Dungeon Crawl Stone Soup version 0.23.0 (webtiles) character file.

Game seed: 9171205181502683863

519 Monsterracer the Chopper (level 7, 0/67 HPs)
             Began as a Naga Chaos Knight on Feb 15, 2019.
             Was a Plaything of Xom.
             Slain by an iguana (7 damage)
             ... on level 4 of the Dungeon.
             The game lasted 00:05:52 (4002 turns).

Monsterracer the Chopper (Naga Chaos Knight)        Turns: 4002, Time: 00:05:52

Health: 0/67       AC:  6    Str: 16    XL:     7   Next: 21%
Magic:  7/7        EV:  9    Int: 13    God:    Xom [*.....]
Gold:   213        SH:  0    Dex: 10    Spells: 6/6 levels left

rFire    + . .     SeeInvis +   b - +7 scythe (freeze)
rCold    . . .     Gourm    .   (shield currently unavailable)
rNeg     . . .     Faith    .   m - +2 robe {rF+}
rPois    +         Spirit   .   g - +0 hat
rElec    .         Reflect  .   (no cloak)
rCorr    .         Harm     .   i - +0 pair of gloves
MR       .....                  (no barding)
Stlth    ++........             (no amulet)
HPRegen  0.21/turn              r - ring of flight
MPRegen  0.10/turn              (no ring)

@: lethally poisoned (0 -> -4), lightly drained, very slow
A: large, see invisible, deformed body, poison resistance, slowness 2, slow
metabolism 1, spit poison 1, AC +2
a: Spit Poison, Renounce Religion, Evoke Flight


You were on level 4 of the Dungeon.
You worshipped Xom.
You were a special plaything of Xom.
You were not hungry.

You visited 1 branch of the dungeon, and saw 5 of its levels.

You collected 213 gold pieces.

Inventory:

Hand Weapons
 a - a +0 hand axe of chaos
 b - a +7 scythe of freezing (weapon)
Armour
 g - a +0 hat (worn)
 i - a +0 pair of gloves (worn)
 m - a +2 robe of fire resistance (worn)
Jewellery
 r - a ring of flight (left hand)
Wands
 k - a wand of digging (2)
 s - a wand of flame (12)
Scrolls
 d - 2 scrolls of teleportation {unknown}
 e - 5 scrolls of identify {unknown}
 j - a scroll of fear {unknown}
 l - a scroll of enchant armour {unknown}
 o - a scroll of magic mapping {unknown}
 p - 2 scrolls of random uselessness {unknown}
 q - a scroll of remove curse {unknown}
Potions
 f - 5 potions of curing {unknown}
 h - a potion of might {unknown}
 n - a potion of berserk rage {unknown}
Comestibles
 c - 10 rations
 t - 2 chunks of flesh


   Skills:
 + Level 5.0(4.8) Fighting
 * Level 6.3(6.1) Axes
 - Level 1.4(3.9) Polearms
 - Level 1.5(1.3) Armour
 - Level 0.7(0.5) Dodging
 + Level 2.6(2.3) Stealth


You had 6 spell levels left.
You didn't know any spells.
Your spell library contained the following spells:

 Spells                   Type           Power        Failure   Level  Hunger
 Corona                   Hex            #......      30%         1    ##.....
 Ensorcelled Hibernation  Hex/Ice        #.....       43%         2    ###....
 Confuse                  Hex            #.......     67%         3    ####...
 Dazzling Spray           Conj/Hex       #.....       67%         3    ####...
 Tukima's Dance           Hex            #.......     67%         3    ####...


Dungeon Overview and Level Annotations

Branches:
Dungeon (5/15)
 Temple: D:4-7

Altars:
Makhleb
Vehumet
Xom
Yredelemnul

Shops:
D:5 [


Innate Abilities, Weirdness & Mutations

You cannot wear boots.
Your serpentine skin is tough. (AC +2)
You have supernaturally acute eyesight. (SInv)
Armour fits poorly on your strangely shaped body.
Your system is resistant to poisons. (rPois)
You cover ground very slowly.
You have a slow metabolism.
You can spit poison.


Message History

The orc priest is severely wounded.
You feel slightly more hungry.
The orc priest hits you but does no damage. x2
You hit the orc priest. You freeze the orc priest.
You kill the orc priest!
You have got your breath back.
Things that are here:
a +0 whip; an orc corpse HP restored.
Found a burning altar of Makhleb.
Found a stone staircase leading down.
Health restored: 67
c - 10 rations (gained 1)
You see here a tomahawk.
Things that are here:
a +0 dagger; an orc corpse A shadow imp comes into view.
The shadow imp shouts, "Relinquish hope, thou peeagling shard-borne bloater!"
You hear an angry hiss.
A shadow imp is nearby!
A water moccasin comes into view.
The shadow imp gestures at you. Pain shoots through your body!
There is an entrance to Plog's Armour Boutique here.
You take 4 damage, and have 63/67 hp.
There are monsters nearby!
An ice beast comes into view.
The shadow imp gestures at you. Pain shoots through your body!
You take 11 damage, and have 53/67 hp.
Attack whom?
Press: ? - help, Dir - move target cursor, f - shadow imp
Aim: a shadow imp You reach to attack!
You closely miss the shadow imp.
An iguana comes into view.
The shadow imp hits you.
A crimson imp comes into view.
You take 3 damage, and have 50/67 hp.
You closely miss the shadow imp.
The water moccasin hisses angrily.
The shadow imp hits you but does no damage.
The shadow imp misses you.
You slash the shadow imp!
You kill the shadow imp!
The water moccasin barely misses you.
There are monsters nearby!
There are monsters nearby!
There are monsters nearby!
The water moccasin barely misses you.
The crimson imp blinks!
A centaur skeleton comes into view.
The water moccasin bites you!
The ice beast hits you but does no damage.
You take 8 damage, and have 43/67 hp.
The water moccasin closely misses you. "This might be better!"
The crimson imp seems to slow down.
The water moccasin closely misses you.
The ice beast hits you but does no damage.
The water moccasin bites you but does no damage.
Xom is getting BORED.
The water moccasin bites you.
You are poisoned.
The water moccasin poisons you!
The iguana bites you but does no damage.
There is a stone staircase leading up here.
You see here 2 tomahawks.
You feel sick. The water moccasin closely misses you.
The ice beast closely misses you. The iguana bites you.
You climb upwards.
You feel sick.
There is a stone staircase leading down, spattered with blood here.
Items here: )) [[ ÷ † You take 5 damage, and have 38/67 hp.
Unknown command.
Unknown command.
Unknown command.
You feel sick. The water moccasin barely misses you. The iguana bites you!
* * * LOW HITPOINT WARNING * * *
The ice beast barely misses you. The water moccasin bites you.
* * * LOW HITPOINT WARNING * * *
You take 11 damage, and have 27/67 hp.
You feel sick.
You take 1 damage, and have 26/67 hp.
Press: ? - help, Shift-Dir - straight line, f - iguana
Aim: an iguana The splash of poison hits the iguana!
The iguana is poisoned.
The iguana is heavily wounded.
You feel slightly more hungry.
You feel sick. The iguana bites you!
* * * LOW HITPOINT WARNING * * *
You take 13 damage, and have 13/67 hp.
Unknown command.
You feel sick. "The weather's been a little too boring around here."
The iguana bites you.
* * * LOW HITPOINT WARNING * * *
You take 5 damage, and have 8/67 hp.
Unknown command.
You closely miss the iguana.
The iguana is heavily wounded.
You have got your breath back.
You feel sick. The iguana bites you!
You die...
Xom chuckles heartily!

..#######.##.#......#
..# #.##.#..###.# #.#
#.##.....##.# #.#
#.####...##.# #.#
#........##.# ..##
######..S§[.#
...####### ###Y####
##.#.....# #l#
##.#.....# #@#
.........#######§#
.#.#...........#§#
...#......####.#.#
..#######.##.....#
..# #.##.#.### ..#
#.##.#.# #.#
###......#
#.#####......###


You could see an ice beast and an iguana.

Vanquished Creatures
  Sigmund (D:2)
  An ogre (D:4)
  2 orc priests
  Ijyb (D:4)
  A hound skeleton (D:4)
  2 gnolls
  7 adders
  A shadow imp (D:5)
  An ooze (D:3)
  2 worms (D:2)
  4 dart slugs
  3 leopard geckos
  3 orcs
  7 bats
  4 goblins
  9 hobgoblins
  6 jackals
  4 quokkas
  2 ball pythons
  4 frilled lizards
  9 kobolds
  4 rats
78 creatures vanquished.

Vanquished Creatures (others)
  A quokka (D:4)
1 creature vanquished.

Grand Total: 79 creatures vanquished

Notes
Turn   | Place    | Note
-------+----------+-------------------------------------------
     0 | D:1      | Monsterracer the Naga Chaos Knight began the quest for the
                  | Orb.
     0 | D:1      | Reached XP level 1. HP: 21/21 MP: 1/1
   167 | D:1      | Reached XP level 2. HP: 25/28 MP: 2/2
   204 | D:1      | XOM: silly message
   518 | D:1      | Reached XP level 3. HP: 21/34 MP: 3/3
   822 | D:1      | Reached skill level 4 in Axes
   843 | D:1      | XOM: harmless Summ miscast
  1413 | D:1      | XOM: mild Fire miscast
  1435 | D:2      | XOM: polymorph hobgoblin -> quokka
  1473 | D:2      | XOM is BORED!
  1473 | D:2      | XOM: medium Ice miscast
  1494 | D:2      | Reached XP level 4. HP: 29/43 MP: 4/4
  1521 | D:2      | XOM: cloud trail
  1538 | D:2      | Noticed Sigmund
  1539 | D:2      | XOM: cast spell 'Cause Fear'
  1561 | D:2      | Killed Sigmund
  1561 | D:2      | Reached skill level 5 in Axes
  1561 | D:2      | Reached XP level 5. HP: 40/51 MP: 5/5
  1561 | D:2      | Reached XP level 6. HP: 45/58 MP: 6/6
  1591 | D:2      | HP: 29/58 [poisoned by an adder]
  2049 | D:2      | Found a burning altar of Makhleb.
  2232 | D:2      | XOM: silly message
  2380 | D:3      | XOM: medium Ice miscast
  2456 | D:3      | Reached skill level 1 in Polearms
  2673 | D:3      | XOM is BORED!
  2673 | D:3      | XOM: noise
  2679 | D:3      | XOM: mild Erth miscast
  2708 | D:3      | Found a basalt altar of Yredelemnul.
  2780 | D:3      | Found a shimmering altar of Xom.
  2938 | D:3      | XOM: noise
  2943 | D:3      | XOM: cloud trail
  3222 | D:4      | XOM: draining
  3266 | D:4      | XOM: stat loss: -1 Dex (9/10)
  3270 | D:4      | Found a radiant altar of Vehumet.
  3548 | D:4      | Reached skill level 6 in Axes
  3548 | D:4      | Reached skill level 1 in Stealth
  3796 | D:5      | Entered Level 5 of the Dungeon
  3796 | D:5      | Found Plog's Armour Boutique.
  3796 | D:5      | Noticed Ijyb
  3806 | D:4      | Reached XP level 7. HP: 50/66 MP: 7/7
  3814 | D:4      | Killed Ijyb
  3814 | D:4      | Reached skill level 5 in Fighting
  3861 | D:4      | XOM: mild Hex miscast
  3972 | D:5      | Found a burning altar of Makhleb.
  3993 | D:5      | XOM: enchant monster (good)
  3998 | D:4      | HP: 30/67 [iguana (8)]
  4000 | D:4      | HP: 13/67 [iguana (12)]
  4001 | D:4      | XOM: fog
  4002 | D:4      | Slain by an iguana

Skill      XL: |  1  2  3  4  5  6  7 |
---------------+----------------------+-----
Axes           | 4 5 6 |  6.3
Fighting       | 4 5 |  5.0
Polearms       | 1 |  1.4
Stealth        | 2 |  2.6
Armour         | |  1.5
Dodging        | |  0.7

Action                   |  1- 3 |  4- 6 |  7- 9 || total
-------------------------+-------+-------+-------++-------
Melee: Hand axe          |    69 |    26 |       ||    95
       Scythe            |       |    89 |    12 ||   101
 Abil: Spit Poison       |     5 |     4 |     4 ||    13
 Stab: Petrified         |     1 |    12 |       ||    13
       Petrifying        |     1 |       |       ||     1
       Confused          |       |     1 |       ||     1
       Sleeping          |       |     1 |       ||     1
  Eat: Chunk             |       |     8 |     1 ||     9
Armor: Leather armour    |    45 |     4 |       ||    49
       Robe              |       |    41 |    12 ||    53
       Skin              |       |     1 |       ||     1
Dodge: Dodged            |    40 |    80 |    14 ||   134

Levels and vault maps discovered:
D:1:      roderic_crop_circles_arrival_small, layout_loops_corners
D:2:      layout_rooms, lemuel_round_altar, uniq_sigmund
D:3:      layout_basic, overflow_temple_1_default, first_ration,
          chequers_mini_garden, st_stairs_6, xom_teletrap_fun
D:4:      layout_loops_cross, fiery_altar_vehumet
D:5:      layout_basic, serial_shops, shop, makhleb_altar_promises_db, uniq_ijyb
